 Dungeon Crawl Stone Soup version 0.17.1-2-g5865329 (webtiles) character file.

502 pipel the Covert (level 7, 0/52 HPs)
             Began as a Formicid Assassin on Jan 30, 2016.
             Slain by a wyvern (3 damage)
             ... on level 10 of the Dungeon.
             The game lasted 00:05:22 (504 turns).

pipel the Covert (Formicid Assassin)                 Turns: 504, Time: 00:05:22

Health: 0/52       AC:  3    Str: 16    XL:     7   Next: 40%
Magic:  7/7        EV: 13    Int: 10    God:
Gold:   29         SH:  0    Dex: 14    Spells: 0 memorised, 6 levels left

rFire  . . .     SeeInvis +     b - +0 blowgun
rCold  . . .     Clarity  .     c - +0 robe
rNeg   . . .     SustAt   .     (no shield)
rPois  .         Gourm    .     (helmet unavailable)
rElec  .         Spirit   .     d - +0 cloak
rCorr  .         Warding  .     (no gloves)
rMut   .         Stasis   +     (no boots)
MR     .....                    (no amulet)
Stlth  ++++......               (no ring)
                                (no ring)

@: not resistant to hostile enchantments, stealthy
A: permanent stasis, dig shafts and tunnels, four strong arms, antennae 3
a: Dig, Shaft Self


You were on level 10 of the Dungeon.
You were not hungry.

You visited 1 branch of the dungeon, and saw 8 of its levels.

You collected 29 gold pieces.

Inventory:

Hand Weapons
 a - a +2 dagger
 b - a +0 blowgun (weapon)
Missiles
 e - 14 poisoned needles (quivered)
Armour
 c - a +0 robe (worn)
 d - a +0 cloak (worn)
Jewellery
 j - an uncursed amulet of resist mutation {unknown}
Scrolls
 h - a scroll of remove curse {unknown}
 i - a scroll of recharging {unknown}


   Skills:
 + Level 3.2 Fighting
 + Level 2.4 Short Blades
 + Level 2.8 Throwing
 + Level 2.4 Dodging
 + Level 8.7 Stealth


You had 6 spell levels left.
You didn't know any spells.

Dungeon Overview and Level Annotations

Branches:
Dungeon (11/15)
 Temple: D:4-7         Lair: D:8-11         Orc: D:9-12

Altars:
Gozag

Shops:
D:4 *


Innate Abilities, Weirdness & Mutations

You are under a permanent stasis effect.
You can dig through walls and to a lower floor.
Your four strong arms can wield two-handed weapons with a shield.
You have a pair of large antennae on your head (SInv).


Message History

Press: ? - help, Shift-Dir - straight line, f/p - wyvern
Aim: a wyvern (lightly wounded, poisoned)
You shoot a poisoned needle. The poisoned needle hits the wyvern!
The wyvern is lightly wounded.
The wyvern bites you.
* * * LOW HITPOINT WARNING * * *
Firing (i - inventory):
e - 16 poisoned needles (quivered)
Press: ? - help, Shift-Dir - straight line, f/p - wyvern
Aim: a wyvern (moderately wounded, poisoned)
You shoot a poisoned needle.
The poisoned needle barely misses the wyvern.
The wyvern bites you!
* * * LOW HITPOINT WARNING * * *
Firing (i - inventory):
e - 15 poisoned needles (quivered)
Press: ? - help, Shift-Dir - straight line, f/p - wyvern
Aim: a wyvern (moderately wounded, poisoned)
You shoot a poisoned needle. The poisoned needle hits the wyvern!
The wyvern is moderately wounded.
The wyvern completely misses you. The wyvern bites you.
You die...

..(.#
#...
#...
#...
#..#
(.#
#l#
#@#
#.#
#.#
#.#
#.#
#.#
...
...


You could see a wyvern.

Vanquished Creatures
  A troll (D:11)
  A wraith (D:11)
  A scorpion (D:11)
  A hound (D:11)
  A worker ant (D:4)
  2 hound skeletons
  An adder (D:6)
  A quokka (D:11)
9 creatures vanquished.

Notes
Turn   | Place    | Note
--------------------------------------------------------------
     0 | D:1      | pipel the Formicid Assassin began the quest for the Orb.
     0 | D:1      | Reached XP level 1. HP: 16/16 MP: 1/1
     4 | D:1      | You fall through a shaft!
     4 | D:2      | Found an opulent altar of Gozag.
     7 | D:2      | You fall through a shaft for 2 floors!
     8 | D:4      | Found Jenin's General Store.
    12 | D:4      | Noticed a worker ant
    18 | D:4      | Killed a worker ant
    18 | D:4      | Reached skill level 5 in Stealth
    18 | D:4      | Reached XP level 2. HP: 20/23 MP: 2/2
    18 | D:4      | Reached XP level 3. HP: 24/28 MP: 3/3
    27 | D:4      | Reached skill level 6 in Stealth
    38 | D:4      | You fall through a shaft for 2 floors!
    51 | D:6      | Reached skill level 1 in Dodging
    75 | D:6      | You fall through a shaft for 2 floors!
    75 | D:8      | Noticed a phantom
    75 | D:8      | Noticed a hungry ghost
   123 | D:9      | You fall through a shaft for 2 floors!
   148 | D:11     | Reached XP level 4. HP: 3/34 MP: 4/4
   430 | D:11     | Noticed a scorpion
   437 | D:11     | Killed a scorpion
   437 | D:11     | Reached XP level 5. HP: 40/40 MP: 5/5
   443 | D:11     | Noticed a troll
   452 | D:11     | Killed a troll
   452 | D:11     | Reached skill level 8 in Stealth
   452 | D:11     | Reached XP level 6. HP: 32/47 MP: 6/6
   482 | D:11     | Noticed a wraith
   488 | D:11     | Killed a wraith
   488 | D:11     | Reached XP level 7. HP: 33/52 MP: 7/7
   497 | D:10     | Entered Level 10 of the Dungeon
   497 | D:10     | Noticed a wyvern
   504 | D:10     | Slain by a wyvern

Action                   |  1- 3 |  4- 6 |  7- 9 || total
-------------------------+-------+-------+-------++-------
Melee: Dagger            |     8 |    15 |       ||    23
 Fire: Blowgun           |     9 |     5 |     6 ||    20
 Abil: Shaft Self        |     5 |       |       ||     5
       Dig               |     2 |       |       ||     2
 Stab: Sleeping          |     2 |     3 |       ||     5
  Eat: Bread ration      |       |       |     1 ||     1
